 Dungeon Crawl Stone Soup version 0.31-a0-237-g2d982f9f85 (webtiles) character file.

Game seed: 11245946934006602355

1108 ragingrage the Vexing (level 8, -2/58 (60) HPs)
             Began as a Gnoll Hexslinger on July 12, 2023.
             Was an Elder of Uskayaw.
             Slain by a wight
             ... wielding a +0 war axe
              (3 damage)
             ... on level 7 of the Dungeon.
             The game lasted 00:04:02 (5662 turns).

ragingrage the Vexing (Gnoll Hexslinger)            Turns: 5662, Time: 00:04:02

HP:   -2/58 (60)    AC:  8    Str: 10    XL:     8   Next: 33%
MP:   14/14         EV: 12    Int: 15    God:    Uskayaw [****..]
Gold: 525           SH:  0    Dex: 15    Spells: 6/15 levels left

rFire   . . .        b - +5 dagger of Amorality {elec, rC+ Str+3}
rCold   + . .        (no shield)
rNeg    . . .        s - +0 ring mail
rPois   .            d - +0 helmet
rElec   .            (no cloak)
rCorr   .            t - +0 pair of gloves
SInv    .            (no boots)
Will    .....        C - amulet of faith
Stlth   ++           x - ring of wizardry
HPRegen 0.29/turn    (no ring)
MPRegen 0.14/turn

%: faith, wizardry (x1)
@: lightly drained
A: fangs 1, strong nose, distributed training
a: Renounce Religion, Stomp, Line Pass


You were on level 7 of the Dungeon.
You worshipped Uskayaw.
Uskayaw was noncommittal.
You visited 2 branches of the dungeon, and saw 8 of its levels.
You also visited: Sewer.

You collected 525 gold pieces.

Inventory:

Hand Weapons
 a - a +2 sling
 b - the +5 dagger of Amorality (weapon) {elec, rC+ Str+3}
   (You found it on level 2 of the Dungeon)

   Str:       It affects your strength (+3).
   rC:        It protects you from cold.
 k - the +0 flail "Fuset" {freeze, rPois Int+2}
   (You found it on level 2 of the Dungeon)

   Int:       It affects your intelligence (+2).
   rPois:     It protects you from poison.
Missiles
 c - 9 boomerangs
 u - 9 poisoned darts (quivered)
 v - 7 javelins
Armour
 d - a +0 helmet (worn)
 s - a +0 ring mail (worn)
 t - a +0 pair of gloves (worn)
 D - a +0 cloak
 H - the +0 robe of the Cockatrice {rC+}
   (You found it on level 7 of the Dungeon)

   rC:        It protects you from cold.
Jewellery
 f - a ring of see invisible
 x - a ring of wizardry (left hand)
 y - a ring of protection from cold
 C - an amulet of faith (around neck)
Wands
 A - a wand of mindburst (13)
 G - a wand of flame (19)
Scrolls
 e - 5 scrolls of identify {unknown}
 h - a scroll of poison
 j - 6 scrolls of enchant weapon
 n - 8 scrolls of teleportation {unknown}
 p - 2 scrolls of enchant armour {unknown}
 r - a scroll of amnesia {unknown}
 w - a scroll of fog {unknown}
 z - a scroll of noise {unknown}
Potions
 g - 5 potions of curing {unknown}
 i - a potion of brilliance {unknown}
 l - a potion of magic {unknown}
 m - 3 potions of degeneration {unknown}
 o - 2 potions of haste {unknown}
 q - a potion of mutation {unknown}
 B - a potion of heal wounds {unknown}
 E - a potion of ambrosia {unknown}
 F - a potion of might {unknown}


   Skills:
 + Level 4.2 Fighting
 + Level 3.3 Short Blades
 + Level 3.3 Long Blades
 + Level 3.3 Axes
 + Level 3.3 Maces & Flails
 + Level 3.3 Polearms
 + Level 3.3 Staves
 + Level 5.7 Ranged Weapons
 + Level 3.3 Throwing
 + Level 3.3 Armour
 + Level 5.7 Dodging
 + Level 3.3 Stealth
 + Level 3.3 Shields
 + Level 3.3 Unarmed Combat
 + Level 4.4 Spellcasting
 + Level 2.7 Conjurations
 + Level 6.1 Hexes
 + Level 2.7 Summonings
 + Level 2.7 Necromancy
 + Level 2.7 Translocations
 + Level 2.7 Transmutations
 + Level 2.7 Fire Magic
 + Level 2.7 Ice Magic
 + Level 2.7 Air Magic
 + Level 2.7 Earth Magic
 + Level 2.7 Poison Magic
 + Level 3.6 Invocations
 + Level 3.3 Evocations


You had 6 spell levels left.
You knew the following spells:

 Your Spells              Type           Power      Damage    Failure   Level
a - Slow                  Hex            84%        N/A       1%          1
b - Mephitic Cloud        Conj/Pois/Air  11%        N/A       16%         3
c - Irradiate             Conj/Tmut      5%         3d13      80%         5

Your spell library contained the following spells:

 Spells                   Type           Power      Damage    Failure   Level
 Magic Dart               Conj           44%        1d5       6%          1
 Call Imp                 Summ           22%        N/A       9%          2
 Lesser Beckoning         Tloc           22%        N/A       9%          2
 Sublimation of Blood     Necr           11%        N/A       9%          2
 Inner Flame              Hex/Fire       16%        N/A       9%          3
 Portal Projectile        Hex/Tloc       32%        N/A       9%          3
 Cause Fear               Hex            10%        N/A       13%         4
 Gell's Gravitas          Tloc           11%        N/A       16%         3
 Hailstorm                Conj/Ice       11%        3d5       16%         3
 Teleport Other           Tloc           11%        N/A       16%         3
 Ice Form                 Ice/Tmut       11%        N/A       45%         4
 Petrify                  Tmut/Erth      11%        N/A       45%         4
 Iskenderun's Battlesphe  Conj           11%        2d7       80%         5
 Leda's Unmaking          Conj/Erth      5%         9d2       100%        6
 Simulacrum               Ice/Necr       5%         N/A       100%        6
 Spellforged Servitor     Conj/Summ      5%         N/A       100%        7


Dungeon Overview and Level Annotations

Branches:
Dungeon (7/15)             Temple (1/1) D:4           Sewer (visited)

Altars:
Cheibriados
Elyvilon
Gozag
Hepliaklqana
Okawaru
Qazlal
Trog
Uskayaw
Vehumet
Wu Jian
Xom
Yredelemnul
Zin
The Shining One


Innate Abilities, Weirdness & Mutations

You have very sharp teeth.
Your uncanny sense of smell can sniff out nearby items.
Your experience applies equally to all skills.


Message History

The puff of frost hits you. You resist.
You barely miss the white imp. Your bite misses the white imp.
The white imp hits you. The white imp freezes you. You resist.
You hit the white imp.
You kill the white imp!
You can now pass through a line of other dancers.
A wight comes into view. It is wielding a +0 mace.
The wight hits you with a +4 hand axe!
You hit the wight but do no damage. Your bite misses the wight.
The wight hits you with a +4 hand axe!
You feel drained.
You hit the wight. Lightning courses through the wight!!
You destroy the wight!
Uskayaw will force your foes to helplessly watch your dance.
Uskayaw prepares the audience for your solo!
Your life force feels restored.
You are too injured to fight recklessly!
A wight comes into view. It is wielding a +0 war axe.
Things that are here:
a +4 hand axe; a +0 robe The wight is no longer paralysed.
Uskayaw will no longer force your foes to helplessly watch your dance.
You hit the wight. The wight hits you with a +0 mace!
Uskayaw will force your foes to helplessly watch your dance.
You hit the wight. Your bite misses the wight.
The wight hits you but does no damage.
You completely miss the wight. The wight closely misses you.
You hit the wight but do no damage. Lightning courses through the wight!
You destroy the wight!
A wight comes into view. It is wielding a +3 dire flail.
Uskayaw will force your foes to share their pain.
Uskayaw links your audience in an emotional bond!
You closely miss the wight. The wight hits you with a +0 war axe!
* * * LOW HITPOINT WARNING * * *
You feel drained.
* * * LOW HITPOINT WARNING * * *
You hit the wight but do no damage. You hit the wight but do no damage.
The wight hits you with a +0 war axe!
* * * LOW HITPOINT WARNING * * *
You feel drained.
You die...

##### ##..?#####
#####.........
###.........# .#
.....#.....# .#
###.#.##...## .#
###...........##.###...
#............)@zz....#
.#.#.#.#####.####.#.#
#.# ###.###....# #.#
#.....#....#.
#.###.###........
#.....# #..[.....
#####.###........
#.....#...### ###.###
..#


You could see 2 wights.

Vanquished Creatures
  A water moccasin (Sewer)
  A black bear (D:6)
  An ogre (D:5)
  A phantom (D:4)
  A bullfrog (D:6)
  A scorpion (D:5)
  3 wights
  A howler monkey (D:6)
  2 hounds (D:4)
  3 quasits (D:5)
  2 sleepcaps (D:6)
  An iguana (D:6)
  4 adders
  A shadow imp (D:3)
  4 white imps
  5 ufetubi
  A dart slug (D:1)
  13 orcs
  An endoplasm (D:1)
  6 giant cockroaches
  10 goblins
  11 hobgoblins
  2 jackals (D:3)
  5 quokkas
  10 ball pythons
  18 bats
  9 kobolds
  4 rats
122 creatures vanquished.

Notes
Turn   | Place    | Note
-------+----------+-------------------------------------------
     0 | D:1      | ragingrage the Gnoll Hexslinger began the quest for the
                  | Orb.
     0 | D:1      | Reached XP level 1. HP: 17/17 MP: 4/4
   110 | D:1      | Reached XP level 2. HP: 23/23 MP: 5/5
   180 | D:1      | Found a faded altar of an unknown god.
   373 | D:1      | Reached XP level 3. HP: 28/28 MP: 7/7
   733 | D:2      | Identified the +5 dagger of Amorality {elec, rC+ Str+3}
   748 | D:2      | Reached skill level 1 in Invocations
   900 | D:2      | Reached skill level 1 in Short Blades
   900 | D:2      | Reached skill level 1 in Long Blades
   900 | D:2      | Reached skill level 1 in Axes
   900 | D:2      | Reached skill level 1 in Maces & Flails
   900 | D:2      | Reached skill level 1 in Polearms
   900 | D:2      | Reached skill level 1 in Staves
   900 | D:2      | Reached skill level 1 in Throwing
   900 | D:2      | Reached skill level 1 in Armour
   900 | D:2      | Reached skill level 1 in Stealth
   900 | D:2      | Reached skill level 1 in Shields
   900 | D:2      | Reached skill level 1 in Unarmed Combat
   900 | D:2      | Reached skill level 1 in Evocations
   955 | D:2      | Identified the +0 flail "Fuset" {freeze, rPois Int+2}
  1710 | D:3      | Reached XP level 4. HP: 34/34 MP: 8/8
  1943 | D:3      | Reached skill level 1 in Conjurations
  1943 | D:3      | Reached skill level 1 in Summonings
  1943 | D:3      | Reached skill level 1 in Necromancy
  1943 | D:3      | Reached skill level 1 in Translocations
  1943 | D:3      | Reached skill level 1 in Transmutations
  1943 | D:3      | Reached skill level 1 in Fire Magic
  1943 | D:3      | Reached skill level 1 in Ice Magic
  1943 | D:3      | Reached skill level 1 in Air Magic
  1943 | D:3      | Reached skill level 1 in Earth Magic
  1943 | D:3      | Reached skill level 1 in Poison Magic
  2324 | D:4      | Noticed a phantom
  2332 | D:4      | Killed a phantom
  2333 | D:4      | Reached XP level 5. HP: 41/41 MP: 9/9
  2686 | D:4      | Reached XP level 6. HP: 32/47 MP: 11/11
  2757 | D:4      | Reached skill level 5 in Ranged Weapons
  2757 | D:4      | Reached skill level 5 in Dodging
  2924 | D:4      | Found a hide-covered altar of Uskayaw.
  3061 | D:4      | Found a staircase to the Ecumenical Temple.
  3068 | Temple   | Entered the Ecumenical Temple
  3272 | D:4      | Became a worshipper of Uskayaw the Reveller
  3565 | D:4      | Found a glowing silver altar of Zin.
  3623 | D:5      | Entered Level 5 of the Dungeon
  3628 | D:5      | Reached * piety under Uskayaw
  3661 | D:5      | Reached ** piety under Uskayaw
  3742 | D:5      | Found a glowing drain.
  3768 | Sewer    | Entered a sewer
  3781 | Sewer    | Reached *** piety under Uskayaw
  3801 | Sewer    | Noticed a water moccasin
  3812 | Sewer    | Killed a water moccasin
  3813 | Sewer    | Reached XP level 7. HP: 52/52 MP: 12/12
  4376 | D:5      | Reached **** piety under Uskayaw
  4654 | D:6      | Reached skill level 6 in Hexes
  4747 | D:6      | HP: 2/54 [orc/+2 trident of distortion (6)]
  4970 | D:6      | Reached XP level 8. HP: 60/60 MP: 14/14
  5443 | D:6      | Found a glowing golden altar of the Shining One.
  5506 | D:6      | Learned a level 3 spell: Mephitic Cloud
  5512 | D:6      | Learned a level 5 spell: Irradiate
  5622 | D:7      | Identified the +0 robe of the Cockatrice {rC+}
  5662 | D:7      | HP: 1/59 [wight/+0 war axe (8)]
  5662 | D:7      | Slain by a wight

Illustrated notes

Levels and vault maps discovered:
D:1:      lightli_arrival_quake, layout_loops_ring,
          ebering_ecumenical_altar_hall
D:2:      layout_loops_ring
D:3:      layout_basic, guppyfry_early_orc_mine
D:4:      minmay_chambers_of_twos, layout_basic, zin_academy,
          nicolae_uskayaw_murder_on_the_dancefloor,
          minmay_temple_entry_statues_pillars, grunt_decor_resistance,
          kennysheep_generic_room_11
D:5:      layout_loops_cross, gup_sewer_entry_pipe, serial_demonic,
          serial_demonic_a, serial_demonic_e, serial_demonic_a,
          serial_demonic_b, supply_closet_lemuel
D:6:      layout_rooms, nicolae_tso_swordbearing_angel,
          kennysheep_big_empty_room
D:7:      layout_loops_ring, mainiacjoe_overflow_cross_hatched
Temple:   chequers_temple_sunken

Skill      XL: |  1  2  3  4  5  6  7 |
---------------+----------------------+-----
Invocations    | 1 2 3 |  3.6
Short Blades   | 1 2 3 |  3.3
Long Blades    | 1 2 3 |  3.3
Axes           | 1 2 3 |  3.3
Maces & Flails | 1 2 3 |  3.3
Polearms       | 1 2 3 |  3.3
Staves         | 1 2 3 |  3.3
Throwing       | 1 2 3 |  3.3
Armour         | 1 2 3 |  3.3
Stealth        | 1 2 3 |  3.3
Shields        | 1 2 3 |  3.3
Unarmed Combat | 1 2 3 |  3.3
Evocations     | 1 2 3 |  3.3
Spellcasting   | 3 4 |  4.4
Conjurations   | 1 2 |  2.7
Summonings     | 1 2 |  2.7
Necromancy     | 1 2 |  2.7
Translocations | 1 2 |  2.7
Transmutations | 1 2 |  2.7
Fire Magic     | 1 2 |  2.7
Ice Magic      | 1 2 |  2.7
Air Magic      | 1 2 |  2.7
Earth Magic    | 1 2 |  2.7
Poison Magic   | 1 2 |  2.7
Fighting       | 3 4 |  4.2
Ranged Weapons | 5 |  5.7
Dodging        | 5 |  5.7
Hexes          | 6 |  6.1

Action                     |  1- 3 |  4- 6 |  7- 9 || total
---------------------------+-------+-------+-------++-------
  Melee: Dagger            |    10 |   146 |    88 ||   244
         Bite              |       |     9 |     7 ||    16
         Punch             |       |     2 |     3 ||     5
   Fire: Sling             |    99 |       |       ||    99
  Throw: Dart              |       |       |     3 ||     3
   Cast: Slow              |     3 |       |       ||     3
  Evoke: Wand              |       |       |     1 ||     1
    Use: Scroll            |       |     1 |       ||     1
         Potion            |       |     1 |       ||     1
   Stab: Sleeping          |       |     4 |     2 ||     6
         Distracted        |       |     1 |       ||     1
         Paralysed         |       |     1 |     2 ||     3
 Armour: Robe              |    10 |     2 |       ||    12
         Ring mail         |       |    48 |    37 ||    85
  Dodge: Dodged            |    31 |   121 |    55 ||   207

Table legend: (Time is in decaauts)
 A = Elapsed time spent in this place.
 B = Non-inter-level travel time spent in this place.
 C = Inter-level travel time spent in this place.
 D = Time resting spent in this place.
 E = Time spent auto-exploring this place.
 F = Levels seen in this place.
 G = Mean time per level.
                   A        B        C        D        E       F      G
               +--------+--------+--------+--------+--------+-----+--------+
         Total |   5715 |   5422 |    293 |    484 |   4101 |   9 |  635.0 |
       Dungeon |   5354 |   5069 |    285 |    453 |   3828 |   7 |  764.9 |
        Temple |    211 |    203 |      8 |      0 |    197 |   1 |  211.0 |
         Sewer |    149 |    149 |      0 |     31 |     76 |   1 |  149.0 |
               +--------+--------+--------+--------+--------+-----+--------+

Top non-repeatable levels by time:
     D:5: 1099 daAuts
     D:4: 1070 daAuts
     D:3: 976 daAuts
     D:1: 741 daAuts
     D:2: 678 daAuts
     D:6: 646 daAuts
  Temple: 211 daAuts
   Sewer: 149 daAuts
     D:7: 142 daAuts
